AoeStats
← ToniMontana_kz

Four Lakes

503255389Analyzed
3v3 RM · 1mo ago on Aug 30, 2026· 21m 27s· 6 players
Game mode
Random Map
Map size
Normal (6 player)
Population
200
Speed
Normal
Resources
Standard
Victory
Conquest
Starting age
Dark Age
Ending age
Imperial Age
RankedLock teamsTeams togetherTeam positionsShared explorationLock speedFull tech treeHidden civsTurbo modeCheats
Victory
Defeat
🇹🇷 Bengalis · Türkiye
975
+12
944
+14
🇰🇿 Hindustanis · Kazakhstan
938
+14
🇺🇸 Slavs · United States
912
-14
🇬🇧 Ethiopians · United Kingdom
900
-14
🇬🇧 Khmer · United Kingdom
875
-13
jstep
1:44 Loom
13:45 Feudal Age
15:10 Wheelbarrow
14:23 Double-Bit Axe
14:21 Horse Collar
14:34 Stone Mining
14:37 Gold Mining
22:02 Castle Age
Deimos
11:36 Feudal Age
14:07 Loom
17:10 Castle Age
16:34 Double-Bit Axe
16:33 Horse Collar
17:11 Gold Mining
18:32 Bloodlines
21:55 Scale Barding Armor
shotgun tam
7:22 Loom
10:14 Loom
12:47 Feudal Age
16:18 Double-Bit Axe
21:32 Castle Age
DANGER DANGER Game Ranger
11:44 Feudal Age
12:28 Fishing Lines
12:38 Double-Bit Axe
16:15 Loom
17:06 Wheelbarrow
17:52 Horse Collar
20:54 Castle Age
19:13 Gold Mining
19:48 Padded Archer Armor
19:42 Fletching
21:00 Crossbowman
21:46 Thumb Ring
21:40 Bodkin Arrow
21:45 Padded Archer Armor
ToniMontana_kz
7:47 Loom
10:35 Feudal Age
12:07 Double-Bit Axe
16:44 Castle Age
14:52 Fishing Lines
18:23 Husbandry
18:34 Bloodlines
19:53 Gillnets
21:19 Forging
ay1turkey
7:44 Loom
12:06 Feudal Age
14:22 Double-Bit Axe
17:03 Horse Collar
19:28 Castle Age
19:15 Fishing Lines
19:23 Fishing Lines
21:54 Bloodlines
21:45 Husbandry
Connection lost

Rejoining the realm…

Still unreachable

The connection could not be restored.

Session expired

The server has moved on; the page needs a fresh start.